cohdb
Replays
Latest Replays
All Replays
Popular Replays
Top Player Replays
Match Explorer
How It Works
Community
CoH3 Stats
Reddit
Sign in to upload your games and track your stats! →
Sign in with Steam
Match 29499025
Unlisted
Match 29499025
Overview
Messages
Build Orders
End
Vickers Machine Gun Team
Construct Section Command Post
Dingo Light Scout Car
Infantry Section
Vickers Machine Gun Team
Vickers Machine Gun Team
Construct Platoon Command Post
Team Weapon Training
CMP 15cwt Truck
Selects Australian Defense Battlegroup
Selects Australian Light Infantry Section
Selects Defensive Tactics
Unlock Bishop Self-propelled Artillery
6-pounder Anti-tank Gun Team
Bishop Self-propelled Artillery
Light Vehicle Training
Selects CMP 15cwt Supply Run
Australian Light Infantry Section
HulkSMASH
⚓️Ruby⚓
汗流浃背德棍
ashilrye
0
0
Comments
sign in to comment!
No comments posted yet!